 Dungeon Crawl Stone Soup version 0.24.1-14-gf8d2b50 (webtiles) character file.

Game seed: 13382084009406338168, levelgen mode: deterministic

9535 shmeve the Blocker (level 11, 0/150 HPs)
             Began as a Minotaur Berserker on June 14, 2020.
             Was a High Priest of Trog.
             Slain by a 14-headed hydra (6 damage)
             ... on level 1 of the Lair of Beasts.
             The game lasted 00:16:00 (9101 turns).

shmeve the Blocker (Minotaur Berserker)             Turns: 9101, Time: 00:16:01

Health: 0/150      AC: 20    Str: 28    XL:     11   Next: 24%
Magic:  10/10      EV:  9    Int:  5    God:    Trog [*****.]
Gold:   631        SH: 13    Dex: 11    Spells: 10/10 levels left

rFire    . . .     SeeInvis .   I - +2 hand axe (vamp)
rCold    . . .     Gourm    .   J - +0 shield
rNeg     . . .     Faith    .   l - +0 plate armour
rPois    .         Spirit   .   (helmet restricted)
rElec    .         Reflect  .   G - +0 cloak {MR+}
rCorr    +         Harm     .   q - +0 pair of gloves
MR       +++..                  n - +0 pair of boots
Stlth    ..........             s - amulet of regeneration
HPRegen  1.75/turn              o - +3 ring of protection
MPRegen  0.12/turn              j - ring of resist corrosion

@: berserking, regenerating, very quick
A: retaliatory headbutt, horns 2
a: Berserk, Trog's Hand, Brothers in Arms, Renounce Religion


You were on level 1 of the Lair of Beasts.
You worshipped Trog.
Trog was extremely pleased with you.
You were near starving.

You visited 2 branches of the dungeon, and saw 11 of its levels.

You collected 631 gold pieces.

Inventory:

Hand Weapons
 I - a +2 vampiric hand axe (weapon)
Missiles
 C - 8 boomerangs (quivered)
 D - 5 silver boomerangs
 F - a throwing net
 H - 5 javelins
Armour
 l - a +0 plate armour (worn)
 n - a +0 pair of boots (worn)
 q - a +0 pair of gloves (worn)
 G - a +0 cloak of magic resistance (worn)
 J - a +0 shield (worn)
Jewellery
 j - a ring of resist corrosion (right hand)
 o - a +3 ring of protection (left hand)
 s - an amulet of regeneration (around neck)
Wands
 b - a wand of acid (8)
 E - a wand of paralysis (8)
 K - a wand of enslavement (7)
 M - a wand of iceblast (9)
Scrolls
 e - 4 scrolls of amnesia {unknown}
 f - 2 scrolls of magic mapping {unknown}
 g - 5 scrolls of identify
 i - 3 scrolls of fear {unknown}
 k - 5 scrolls of remove curse {unknown}
 r - a scroll of blinking {unknown}
 t - 5 scrolls of teleportation {unknown}
 x - a scroll of brand weapon {unknown}
 y - a scroll of noise {unknown}
Potions
 a - 2 potions of mutation
 d - 2 potions of heal wounds {unknown}
 h - 2 potions of lignification {unknown}
 m - a potion of cancellation {unknown}
 p - a potion of brilliance {unknown}
 u - a potion of ambrosia {unknown}
 v - 3 potions of haste {unknown}
 w - 2 potions of curing {unknown}
 z - a potion of might {unknown}
 A - a potion of resistance {unknown}
 B - a potion of degeneration {unknown}
Comestibles
 c - 21 rations


   Skills:
 * Level 10.2 Fighting
 * Level 10.2 Axes
 + Level 5.4 Throwing
 + Level 7.0 Armour
 + Level 6.5 Dodging
 * Level 11.3 Shields


You had 10 spell levels left.
You didn't know any spells.
Your spell library was empty.

Dungeon Overview and Level Annotations

Branches:
Dungeon (10/15)            Temple (0/1) D:4            Lair (1/6) D:9
    Orc (0/2) D:10

Altars:
Cheibriados
Elyvilon
Gozag
Hepliaklqana
Kikubaaqudgha
Makhleb
Okawaru
Ru
Trog

Annotations:
D:8 3 runed translucent doors


Innate Abilities, Weirdness & Mutations

You reflexively headbutt those who attack you in melee.
You have a pair of horns on your head.


Message History

The 14-headed hydra bites you but does no damage. x2
You block the 14-headed hydra's attack. The 14-headed hydra bites you.
* * * LOW HITPOINT WARNING * * *
The 14-headed hydra bites you.
* * * LOW HITPOINT WARNING * * *
The 14-headed hydra bites you!
* * * LOW HITPOINT WARNING * * *
The 14-headed hydra bites you but does no damage.
You block the 14-headed hydra's attack. The 14-headed hydra bites you!
* * * LOW HITPOINT WARNING * * *
You barely miss the 14-headed hydra. You headbutt the 14-headed hydra!
The 14-headed hydra is almost dead.
The 14-headed hydra bites you but does no damage. x2
The 14-headed hydra closely misses you. x2
The 14-headed hydra completely misses you.
The 14-headed hydra bites you but does no damage. x2
The 14-headed hydra bites you.
* * * LOW HITPOINT WARNING * * *
You block the 14-headed hydra's attack. The 14-headed hydra bites you.
You die...

....# ###.. ......
.....##....#
....#../..#
.#####..#.....#
......#.....#
.......#..#.###
.......@D.....####
......≈≈...†.<...#
..............##.#
............###
........>...#
..............
......#....####
.#######..## #..#


You could see a 14-headed hydra.

Vanquished Creatures
  A two-headed ogre (D:10)
  A death yak (D:9)
  Maurice (D:8)
  A gargoyle (D:10)
  A hornet (D:8)
  A hippogriff (D:9)
  11 yaks (D:10)
  2 wyverns
  A basilisk (D:9)
  Grum (D:8)
  2 water moccasins
  5 orc warriors
  2 phantoms
  A sky beast (D:7)
  6 ogres
  A centaur (D:10)
  4 wolves (D:8)
  3 crocodiles
  4 bullfrogs
  6 scorpions
  16 killer bees
  4 wights (D:9)
  4 electric eels
  3 howler monkeys
  8 crimson imps
  A jelly (D:8)
  A quasit (D:10)
  3 bullfrog skeletons
  4 orc priests
  Crazy Yiuf (D:7)
  3 hounds
  8 orc wizards
  3 iguanas
  8 worker ants
  A hound skeleton (D:4)
  2 hound zombies
  3 gnolls (D:8)
  A howler monkey skeleton (D:8)
  7 adders
  2 shadow imps
  An ooze (D:5)
  2 adder skeletons
  3 worms
  3 dart slugs
  A leopard gecko (D:5)
  30 orcs
  11 bats
  2 giant cockroaches
  9 goblins
  5 hobgoblins
  7 jackals (D:4)
  6 quokkas
  A ball python (D:2)
  5 frilled lizards (D:1)
  4 kobolds
  A quokka zombie (D:5)
  4 rats
233 creatures vanquished.

Notes
Turn   | Place    | Note
-------+----------+-------------------------------------------
     0 | D:1      | shmeve the Minotaur Berserker began the quest for the Orb.
     0 | D:1      | Reached XP level 1. HP: 19/19 MP: 0/0
   284 | D:1      | Reached XP level 2. HP: 27/27 MP: 1/1
   930 | D:2      | Reached XP level 3. HP: 33/33 MP: 2/2
  1252 | D:2      | Reached ** piety under Trog
  1769 | D:3      | Found a burning altar of Makhleb.
  1832 | D:3      | Found a hazy altar of Hepliaklqana.
  1873 | D:3      | Found a snail-covered altar of Cheibriados.
  1930 | D:3      | Reached skill level 1 in Throwing
  1930 | D:3      | Reached XP level 4. HP: 40/41 MP: 3/3
  2212 | D:4      | Found a staircase to the Ecumenical Temple.
  2312 | D:4      | Reached XP level 5. HP: 47/47 MP: 4/4
  2351 | D:4      | Got a faintly glowing ring mail
  2421 | D:4      | Noticed a phantom
  2445 | D:4      | Killed a phantom
  2445 | D:4      | Reached skill level 5 in Fighting
  2445 | D:4      | Reached skill level 5 in Axes
  2791 | D:4      | Reached XP level 6. HP: 44/56 MP: 5/5
  2930 | D:4      | Identified the +3 ring mail "Jyoqowar" {rC- Str+3 Int+2}
                  | (You found it on level 4 of the Dungeon)
  3215 | D:5      | Entered Level 5 of the Dungeon
  3490 | D:5      | Reached XP level 7. HP: 59/62 MP: 6/6
  3925 | D:5      | Found a bloodstained altar of Trog.
  4105 | D:6      | Found a sacrificial altar of Ru.
  4300 | D:6      | Reached XP level 8. HP: 63/71 MP: 7/7
  4476 | D:6      | Reached skill level 5 in Armour
  4548 | D:6      | Found a white marble altar of Elyvilon.
  5059 | D:7      | Reached *** piety under Trog
  5435 | D:7      | Reached skill level 5 in Dodging
  5601 | D:7      | Reached XP level 9. HP: 52/82 MP: 8/8
  5912 | D:7      | Found a runed translucent door.
  5913 | D:7      | Noticed Crazy Yiuf
  5919 | D:7      | Killed Crazy Yiuf
  6008 | D:8      | Noticed Grum
  6013 | D:8      | Received a gift from Trog
  6019 | D:8      | Killed Grum
  6078 | D:8      | Noticed Maurice
  6210 | D:8      | Found an opulent altar of Gozag.
  6377 | D:8      | Reached skill level 5 in Throwing
  6653 | D:8      | Found a runed translucent gate.
  6653 | D:8      | Found a runed translucent gate.
  6653 | D:8      | Found a runed translucent gate.
  6653 | D:8      | Noticed a red ugly thing
  6653 | D:8      | Noticed a glowing orange brain
  6654 | D:8      | Noticed a purple ugly thing
  6654 | D:8      | Noticed a red ugly thing
  6655 | D:8      | Noticed a purple ugly thing
  6768 | D:8      | Killed Maurice
  6768 | D:8      | Reached skill level 3 in Shields
  6832 | D:8      | Found an ancient bone altar of Kikubaaqudgha.
  7128 | D:9      | Reached XP level 10. HP: 92/92 MP: 9/9
  7136 | D:9      | Reached skill level 4 in Shields
  7185 | D:9      | Found a staircase to the Lair.
  7185 | D:9      | Noticed a death yak
  7192 | D:9      | Killed a death yak
  7192 | D:9      | Reached **** piety under Trog
  7192 | D:9      | Reached skill level 6 in Shields
  7197 | D:9      | Reached skill level 7 in Shields
  7523 | D:9      | Reached skill level 8 in Shields
  7572 | D:9      | Found an iron altar of Okawaru.
  7903 | D:10     | Entered Level 10 of the Dungeon
  8034 | D:10     | Found a staircase to the Orcish Mines.
  8037 | D:10     | Received a gift from Trog
  8042 | D:10     | Reached skill level 9 in Shields
  8306 | D:10     | Reached skill level 10 in Shields
  8469 | D:10     | Reached skill level 11 in Shields
  8471 | D:10     | Reached XP level 11. HP: 99/99 MP: 10/10
  8580 | D:10     | Reached skill level 10 in Fighting
  8687 | D:10     | Reached skill level 10 in Axes
  8794 | D:10     | Noticed a two-headed ogre
  8799 | D:10     | Killed a two-headed ogre
  8806 | D:10     | Reached ***** piety under Trog
  9076 | Lair:1   | Entered Level 1 of the Lair of Beasts
  9087 | Lair:1   | Noticed an eight-headed hydra
  9101 | Lair:1   | HP: 6/150 [14-headed hydra (6)]
  9101 | Lair:1   | Slain by a 14-headed hydra

Levels and vault maps discovered:
D:1:      dpeg_arrival_chambers_temple_mockup, layout_basic
D:2:      layout_loops_cross
D:3:      layout_rooms, lemuel_round_altar, cheibriados_altar_1, bloody_makhleb
D:4:      layout_cave_pods, minmay_temple_entry_glass, enter_ossuary_5,
          first_ration, chequers_serial_rivers_room_b
D:5:      layout_loops_cross, lightli_temple_of_fire
D:6:      layout_layer_cave, lemuel_round_altar, kennysheep_little_box
D:7:      wander_river, layout_basic, grunt_ogre_cave, kennysheep_diamond,
          uniq_crazy_yiuf_cottage
D:8:      layout_gridville, kennysheep_mini,
          nicolae_gozag_cash_rules_everything_around_me,
          ploomutoo_gammafunk_ghost_potion_laboratory, uniq_grum, uniq_maurice
D:9:      layout_basic, okawaru_trees_2, david_lair_generic
D:10:     layout_loops_ring, erik_orc_3
Lair:1:   layout_gridlike, dpeg_stationary_puzzle

Skill      XL: |  1  2  3  4  5  6  7  8  9 10 11 |
---------------+----------------------------------+-----
Fighting       | 4 5 6 8 9 10 | 10.2
Axes           | 4 5 6 7 8 9 10 | 10.2
Throwing       | 1 2 3 4 5 |  5.4
Armour         | 3 4 5 6 7 |  7.0
Dodging        | 3 4 5 6 |  6.5
Shields        | 3 11 | 11.3

Action                   |  1- 3 |  4- 6 |  7- 9 | 10-12 || total
-------------------------+-------+-------+-------+-------++-------
Melee: Hand axe          |    64 |    81 |   268 |   286 ||   699
       Headbutt          |    12 |     7 |    47 |    67 ||   133
Throw: Throwing net      |       |       |     1 |       ||     1
       Boomerang         |       |       |       |     7 ||     7
Invok: Berserk           |       |       |     3 |     6 ||     9
       Trog's Hand       |       |       |     3 |     4 ||     7
  Use: Scroll            |       |     1 |     4 |     1 ||     6
 Stab: Sleeping          |     1 |       |       |       ||     1
  Eat: Chunk             |     3 |     5 |    15 |     9 ||    32
       Ration            |       |       |       |     1 ||     1
Armor: Animal skin       |     7 |       |       |       ||     7
       Chain mail        |     5 |     1 |       |       ||     6
       Plate armour      |       |    49 |   191 |   156 ||   396
Dodge: Dodged            |    45 |    32 |   122 |   116 ||   315
Block: Shield            |       |       |       |    54 ||    54
